[Event "Titled Tuesday Blitz November 29 Late 2022"]
[White "Reprintsev, Alexander"]
[Black "Manelyuk, Daniil"]
[WhiteFideId "14100541"]
[BlackFideId "44173920"]
[WhiteElo "2230"]
[BlackElo "2209"]
[Result "0-1"]
[Round "11"]
[TimeControl "180+1"]
[Date "2022.11.30"]
[WhiteClock "0:00:01"]
[BlackClock "0:00:02"]

1. e4 e6 2. d4 d5 3. Nc3 Bb4 4. Ne2 Nf6 5. e5 Nfd7 6. a3 Be7 7. f4 c5 8. Be3 Nc6 9. Qd2 Qb6 10. Na4 Qc7 11. dxc5 O-O 12. b4 b6 13. cxb6 axb6 14. Nec3 Bb7 15. Bb5 Ndxe5 16. fxe5 Qxe5 17. O-O d4 18. Bxc6 dxe3 19. Qd7 Bd6 20. g3 e2 21. Rfe1 Bc8 22. Qxd6 Qxd6 23. Bxa8 b5 24. Nxb5 Qa6 25. Bf3 Qxb5 26. Nc3 Qc4 27. Nxe2 Qxc2 28. Rac1 Qb3 29. Rc3 Qa4 30. Rec1 Ba6 31. Nd4 e5 32. Nc6 f6 33. Bd5+ Kh8 34. Ne7 Qb5 35. Rc5 Qb6 0-1


[Site "https://www.chess.com"]

[Event "Titled Tuesday Blitz November 29 Late 2022"]
[White "Rian, Kapriaga"]
[Black "Dias, Joao Batista"]
[WhiteFideId "7103263"]
[BlackFideId "2108240"]
[WhiteElo "2337"]
[BlackElo "1898"]
[Result "0-1"]
[Round "11"]
[TimeControl "180+1"]
[Date "2022.11.30"]
[WhiteClock "0:00:02"]
[BlackClock "0:00:58"]

1. d4 d5 2. Bf4 c6 3. e3 Nf6 4. Bd3 g6 5. Nf3 Bg7 6. h3 O-O 7. O-O Re8 8. c4 Nbd7 9. cxd5 cxd5 10. Nc3 e6 11. Qb3 a6 12. Rfc1 b5 13. a4 Bb7 14. axb5 axb5 15. Qxb5 Rxa1 16. Rxa1 Qb6 17. Qxb6 Nxb6 18. Ra7 Bc6 19. Ne5 Ba8 20. Bb5 Rf8 21. g4 h6 22. Kg2 g5 23. Bg3 Ne4 24. Nxe4 dxe4 25. Nd7 Nxd7 26. Bxd7 Bd5 27. b4 f5 28. Bd6 Rd8 29. b5 Bxd4 30. exd4 e3+ 31. f3 h5 32. gxf5 exf5 33. Be5 g4 34. Bc6 gxf3+ 35. Kf1 Bc4+ 36. Kg1 f2+ 37. Kh2 f1=Q 38. Rg7+ Kf8 39. Rg2 e2 40. Bg3 e1=Q 41. Bxe1 Qxe1 42. d5 Bxd5 43. Bxd5 Rxd5 44. b6 Qe5+ 0-1


[Site "https://www.chess.com"]

[Event "Titled Tuesday Blitz November 29 Late 2022"]
[White "Romero Ruscalleda, Josep"]
[Black "Barbot, Pierre"]
[WhiteFideId "2231859"]
[BlackFideId "663727"]
[WhiteElo "2183"]
[BlackElo "2439"]
[Result "1-0"]
[Round "11"]
[TimeControl "180+1"]
[Date "2022.11.30"]
[WhiteClock "0:00:19"]
[BlackClock "0:00:23"]

1. e4 c5 2. c3 Nf6 3. e5 Nd5 4. Nf3 Nc6 5. Bc4 Nb6 6. Bb3 d5 7. exd6 Qxd6 8. O-O Be6 9. Na3 Bxb3 10. axb3 a6 11. Re1 e6 12. Qe2 Be7 13. d3 O-O 14. Be3 Nd5 15. Nc4 Qc7 16. Bd2 b5 17. Nce5 Nxe5 18. Nxe5 Bd6 19. f4 Rfd8 20. Qf3 b4 21. g3 Qb6 22. Nc4 Qc7 23. f5 exf5 24. Qxd5 Bxg3 25. Qg2 Bxe1 26. Rxe1 Rxd3 27. Qxa8+ Rd8 28. Qf3 g6 29. Bf4 Qd7 30. Kg2 bxc3 31. bxc3 Qb5 32. Bg5 Rf8 33. Bh6 Rd8 34. Nd2 c4 35. bxc4 Qb2 36. Re2 a5 37. Qf4 Qxc3 38. Qc7 Qd4 39. Nf3 Qg4+ 40. Kf2 Ra8 41. Qc6 Rb8 42. Re8+ 1-0


[Site "https://www.chess.com"]

[Event "Titled Tuesday Blitz November 29 Late 2022"]
[White "Rose, Felix"]
[Black "Tan, Ralph"]
[WhiteFideId "5105722"]
[BlackFideId "30966590"]
[WhiteElo "2039"]
[BlackElo "2059"]
[Result "1-0"]
[Round "11"]
[TimeControl "180+1"]
[Date "2022.11.30"]
[WhiteClock "0:02:16"]
[BlackClock "0:02:14"]

1. e4 e6 2. d4 d5 3. Nc3 Nf6 4. e5 Nfd7 5. f4 c5 6. Nf3 Nc6 7. Be3 a6 8. Qd2 b5 9. dxc5 Bxc5 10. Bd3 Bb7 11. Bf2 b4 12. Na4 Bxf2+ 13. Qxf2 Qa5 14. b3 O-O 15. O-O f6 16. exf6 Rxf6 17. Qh4 Rh6 18. Qg4 Qd8 19. Ng5 e5 20. Bxh7+ Rxh7 21. Qe6+ 1-0


[Site "https://www.chess.com"]

[Event "Titled Tuesday Blitz November 29 Late 2022"]
[White "Rubio Tent, Francisco"]
[Black "Novikova, Galina"]
[WhiteFideId "2238233"]
[BlackFideId "4157095"]
[WhiteElo "2211"]
[BlackElo "1973"]
[Result "0-1"]
[Round "11"]
[TimeControl "180+1"]
[Date "2022.11.30"]
[WhiteClock "0:00:23"]
[BlackClock "0:00:11"]

1. e4 e6 2. d4 d5 3. exd5 exd5 4. Nf3 Nf6 5. c4 Be7 6. Nc3 c6 7. Bd3 O-O 8. O-O Bg4 9. Re1 Nbd7 10. h3 Bh5 11. Bg5 Re8 12. g4 Bg6 13. Ne5 Bxd3 14. Qxd3 h6 15. Bh4 Nf8 16. Rad1 dxc4 17. Qxc4 Nd5 18. Bxe7 Rxe7 19. Nxd5 cxd5 20. Qb3 Ne6 21. Re3 Ng5 22. Rde1 Rc8 23. Kg2 Ne4 24. f3 Nf6 25. Rc3 Rxc3 26. Qxc3 Qe8 27. Rc1 Nd7 28. Nxd7 Rxd7 29. Re1 Re7 30. Rxe7 Qxe7 31. Qb3 Qe2+ 32. Kg3 Qe1+ 33. Kg2 Qd2+ 34. Kg3 Qxd4 35. Qxb7 Qg1+ 36. Kf4 Qd4+ 37. Kg3 Qe5+ 38. Kg2 Qe2+ 39. Kg3 Qe1+ 40. Kf4 g5+ 41. Kf5 Qe6# 0-1


[Site "https://www.chess.com"]

[Event "Titled Tuesday Blitz November 29 Late 2022"]
[White "Sadhwani, Raunak"]
[Black "Shimanov, Aleksandr"]
[WhiteFideId "35093487"]
[BlackFideId "4198603"]
[WhiteElo "2656"]
[BlackElo "2605"]
[Result "1-0"]
[Round "11"]
[TimeControl "180+1"]
[Date "2022.11.30"]
[WhiteClock "0:00:12"]
[BlackClock "0:00:01"]

1. c4 e6 2. Nc3 d5 3. d4 Nf6 4. cxd5 exd5 5. Bg5 c6 6. e3 h6 7. Bh4 Bf5 8. Qf3 Be6 9. Bxf6 Qxf6 10. Qxf6 gxf6 11. Bd3 a5 12. Nf3 a4 13. a3 Nd7 14. Kd2 b5 15. Nh4 Nb6 16. Kc2 Kd7 17. Ne2 Nc4 18. Nf4 Bd6 19. g3 Rhb8 20. Rhc1 Na5 21. Rd1 b4 22. axb4 Rxb4 23. Ra2 Rab8 24. Ne2 Nc4 25. Rb1 Nb6 26. Nc3 c5 27. Rd1 cxd4 28. exd4 Nc4 29. Bxc4 dxc4 30. d5 Bg4 31. f3 Bh3 32. Nxa4 Be5 33. Nc5+ Kd6 34. Ne4+ Ke7 35. Nc3 Rb3 36. f4 Bd6 37. Ne4 Bb4 38. d6+ Kf8 39. f5 Re3 40. Nxf6 Re2+ 41. Kb1 c3 42. Nd7+ Kg7 43. bxc3 Rb2+ 44. Rxb2 1-0


[Site "https://www.chess.com"]

[Event "Titled Tuesday Blitz November 29 Late 2022"]
[White "Salem, A.R. Saleh"]
[Black "Ibarra Jerez, Jose Carlos"]
[WhiteFideId "9301348"]
[BlackFideId "2226332"]
[WhiteElo "2628"]
[BlackElo "2638"]
[Result "1-0"]
[Round "11"]
[TimeControl "180+1"]
[Date "2022.11.30"]
[WhiteClock "0:01:03"]
[BlackClock "0:00:52"]

1. d4 Nf6 2. c4 d6 3. Nc3 e5 4. Nf3 e4 5. Nd2 Qe7 6. e3 Bf5 7. Be2 h5 8. b4 g6 9. Bb2 Bg7 10. h3 h4 11. Qc2 Nc6 12. Qb3 O-O 13. b5 Nd8 14. a4 Re8 15. a5 Ne6 16. a6 b6 17. Nd5 Qd8 18. Rc1 Nd7 19. g4 hxg3 20. fxg3 Ng5 21. g4 Be6 22. Nf4 Nf6 23. Kf2 Qe7 24. Kg2 Rad8 25. Rcf1 Bc8 26. Ba3 Nf3 27. Nxf3 exf3+ 28. Rxf3 Qe4 29. Bd3 Qa8 30. d5 Nd7 31. Rhf1 Ne5 32. Bb2 Nxf3 33. Rxf3 Bxb2 34. Qxb2 Re5 35. Qf2 Bd7 36. Qh4 Rde8 37. Bxg6 fxg6 38. Nxg6 Kg7 39. Qf6+ Kh7 40. Qf7+ Kh6 41. Nxe5 1-0


[Site "https://www.chess.com"]

[Event "Titled Tuesday Blitz November 29 Late 2022"]
[White "Salman, Pavel"]
[Black "Vasques, Antonio Pedro Freixial"]
[WhiteFideId "24153753"]
[BlackFideId "1908332"]
[WhiteElo "2187"]
[BlackElo "2243"]
[Result "0-1"]
[Round "11"]
[TimeControl "180+1"]
[Date "2022.11.30"]
[WhiteClock "0:00:19"]
[BlackClock "0:00:16"]

1. Nf3 Nf6 2. g3 g6 3. Bg2 Bg7 4. O-O O-O 5. d3 d5 6. Nbd2 c5 7. e4 Nc6 8. Re1 d4 9. a4 e5 10. Nc4 Qc7 11. Bg5 Be6 12. Qd2 b6 13. b3 a6 14. Rf1 b5 15. Nb2 Nd7 16. Bh6 Nb6 17. Bxg7 Kxg7 18. Ng5 Bd7 19. a5 Nc8 20. f4 f6 21. Nf3 Nd6 22. Rf2 Be6 23. Raf1 h6 24. Nh4 Bg8 25. Nd1 Qe7 26. Bh3 c4 27. bxc4 bxc4 28. Qe2 cxd3 29. cxd3 g5 30. Nf5+ Nxf5 31. Bxf5 Nxa5 32. fxg5 fxg5 33. Qh5 Bf7 34. Qh3 Nc6 35. Bd7 Na5 36. Nb2 Bg6 37. Bf5 Bf7 38. Na4 Qa3 39. Be6 Bg6 40. Nb6 Rxf2 41. Rxf2 Rf8 42. Rxf8 Qxf8 43. Nd5 Qf3 44. Qf1 Qxf1+ 45. Kxf1 Nc6 46. Bd7 Nb8 47. Ba4 Bf7 48. Nc7 Kf6 49. Ke2 Ke7 50. Na8 Kd6 51. Nb6 Kc7 52. Nd5+ Bxd5 53. exd5 Kd6 54. Bb3 Nd7 55. Kf3 Nf6 56. h4 g4+ 57. Ke2 Nxd5 58. Kd2 a5 59. Bd1 h5 60. Ba4 Ne3 61. Be8 Nf1+ 62. Ke2 Nxg3+ 63. Kf2 Nf5 64. Bxh5 Nxh4 65. Bxg4 Kc5 66. Bd1 Kb4 67. Kg3 Ng6 68. Kg4 a4 69. Bxa4 Kxa4 70. Kf5 Kb3 71. Kxg6 Kc3 72. Kf5 Kxd3 73. Kxe5 Ke3 74. Kf5 d3 0-1


[Site "https://www.chess.com"]

[Event "Titled Tuesday Blitz November 29 Late 2022"]
[White "Sanchez, Robert"]
[Black "Gonzalez, Francisco Silva"]
[WhiteFideId "2034360"]
[BlackFideId "1512285"]
[WhiteElo "2334"]
[BlackElo "2159"]
[Result "1/2-1/2"]
[Round "11"]
[TimeControl "180+1"]
[Date "2022.11.30"]
[WhiteClock "0:00:05"]
[BlackClock "0:00:15"]

1. e4 e5 2. Nf3 Nc6 3. Bb5 a6 4. Ba4 Nf6 5. d3 b5 6. Bb3 Bc5 7. Nc3 d6 8. Bg5 h6 9. Bh4 Be6 10. Nd5 Na5 11. Bxf6 gxf6 12. O-O Nxb3 13. axb3 c6 14. Ne3 h5 15. d4 Bb6 16. d5 cxd5 17. Nxd5 Bc5 18. b4 Bxd5 19. bxc5 Bc4 20. Re1 dxc5 21. Qc1 h4 22. Qe3 Qe7 23. h3 Be6 24. Red1 Qc7 25. Rd2 a5 26. Rad1 a4 27. Rd6 b4 28. Nh2 Ke7 29. f4 a3 30. fxe5 a2 31. Qf4 fxe5 32. Qg5+ f6 33. Qg7+ Bf7 34. Rd7+ Qxd7 35. Rxd7+ Kxd7 36. Qxf7+ Kc6 37. Qd5+ Kb5 38. Qb7+ Kc4 39. Qd5+ Kb5 40. Qb7+ Ka5 41. Qc7+ Ka4 42. Qc6+ Ka5 43. Qxc5+ Ka6 44. Qc6+ Ka7 45. Qc7+ Ka6 46. Qc6+ Ka5 47. Qc5+ Ka4 48. Qc6+ Ka5 49. Qc5+ 1/2-1/2


[Site "https://www.chess.com"]

[Event "Titled Tuesday Blitz November 29 Late 2022"]
[White "Santos Flores, Alberto"]
[Black "Petrovic, Aleksa"]
[WhiteFideId "3601234"]
[BlackFideId "967629"]
[WhiteElo "2235"]
[BlackElo "2224"]
[Result "1-0"]
[Round "11"]
[TimeControl "180+1"]
[Date "2022.11.30"]
[WhiteClock "0:00:24"]
[BlackClock "0:00:40"]

1. d4 Nf6 2. Nf3 e6 3. c4 b6 4. g3 Ba6 5. b3 d5 6. cxd5 exd5 7. Bg2 Bd6 8. O-O O-O 9. Nc3 Nbd7 10. Bg5 Re8 11. Re1 h6 12. Bf4 Bb4 13. Bd2 Qe7 14. Qc1 c5 15. a3 Ba5 16. dxc5 bxc5 17. b4 Bb6 18. Na4 Rac8 19. Nxb6 axb6 20. Qb2 d4 21. e3 d3 22. Bc3 Bb7 23. bxc5 Nxc5 24. Qxb6 Na4 25. Bxf6 Nxb6 26. Bxe7 Bxf3 27. Bxf3 Rxe7 28. Red1 Rc3 29. a4 Ra7 30. a5 Nc4 31. a6 Nb2 32. Rdb1 Nc4 33. Rb7 Ra8 34. a7 Kh7 35. Rb8 1-0


[Site "https://www.chess.com"]

[Event "Titled Tuesday Blitz November 29 Late 2022"]
[White "Shapiro, Daniel"]
[Black "Wieczorek, Zbigniew"]
[WhiteFideId "2001780"]
[BlackFideId "1102001"]
[WhiteElo "2318"]
[BlackElo "2300"]
[Result "0-1"]
[Round "11"]
[TimeControl "180+1"]
[Date "2022.11.30"]
[WhiteClock "0:00:16"]
[BlackClock "0:00:08"]

1. d4 Nf6 2. c4 d6 3. Nc3 g6 4. e4 Bg7 5. Be2 O-O 6. Nf3 e5 7. O-O Nc6 8. d5 Nd4 9. Nxd4 exd4 10. Qxd4 Nd7 11. Qd2 Nc5 12. Rb1 f5 13. b4 Nxe4 14. Nxe4 fxe4 15. Bb2 Bxb2 16. Rxb2 Qf6 17. Rb3 Bf5 18. Re3 Rae8 19. Bd1 h5 20. h3 Re7 21. Qe2 Qg5 22. Bc2 Rfe8 23. Re1 h4 24. g4 hxg3 25. Rxg3 Qh4 26. Kh2 Kf8 27. Qe3 Rh7 28. Rb1 Kf7 29. Rb3 Reh8 30. Kg2 Qe7 31. Qf4 Qe5 32. Qxe5 dxe5 33. Rbe3 Rh4 34. Bb1 Kf6 35. a3 Rd8 36. Ba2 c6 37. Re2 cxd5 38. cxd5 Ke7 39. Rge3 Kd6 40. Bb1 Rdh8 41. Bxe4 Bxh3+ 42. Kg1 Rg4+ 43. Rg3 Rxg3+ 44. fxg3 Bf5 45. Bg2 Rc8 46. Rd2 Rc3 47. Kf2 Rxa3 48. Bf3 Rb3 49. g4 Bd7 50. Be4 Rxb4 51. Bxg6 Rf4+ 52. Ke2 Rxg4 53. Bc2 Rg2+ 54. Ke3 Rxd2 55. Kxd2 Kxd5 56. Ke3 Kd6 57. Bb3 Bc6 58. Bc4 b5 59. Bf7 a5 60. Bg8 a4 61. Ba2 b4 62. Bb1 b3 63. Kd2 a3 64. Kc3 a2 65. Bxa2 bxa2 66. Kb2 Bd5 0-1


[Site "https://www.chess.com"]

[Event "Titled Tuesday Blitz November 29 Late 2022"]
[White "Tanenbaum, Zachary"]
[Black "Koellner, Ruben Gideon"]
[WhiteFideId "2060850"]
[BlackFideId "12993093"]
[WhiteElo "2175"]
[BlackElo "2303"]
[Result "1-0"]
[Round "11"]
[TimeControl "180+1"]
[Date "2022.11.30"]
[WhiteClock "0:00:10"]
[BlackClock "0:00:01"]

1. e4 d6 2. d4 Nf6 3. Nc3 e5 4. Nf3 Nbd7 5. Bc4 Be7 6. O-O c6 7. a4 Qc7 8. h3 h6 9. Re1 Nf8 10. a5 g5 11. d5 Ng6 12. Bb3 a6 13. Be3 c5 14. Na4 Nxe4 15. Nb6 Rb8 16. Ba4+ Kf8 17. c4 f5 18. Bc2 Nf6 19. b4 e4 20. bxc5 exf3 21. Qxf3 Ne5 22. Qe2 dxc5 23. Nxc8 Rxc8 24. Bxf5 Re8 25. Be6 Bd6 26. f4 gxf4 27. Bxf4 Ng6 28. Qb2 Kg7 29. Bxd6 Qxd6 30. Rf1 Rhf8 31. Qxb7+ Re7 32. Qb6 Qxb6 33. axb6 Ra8 34. Ra5 Ne4 35. Rfa1 Rb7 36. Rxa6 Rxa6 37. Rxa6 Nd6 38. Ra7 Ne7 39. Rxb7 Nxb7 40. Bd7 Nd6 41. Bc6 Kf6 42. b7 Nxb7 43. Bxb7 Nf5 44. Kf2 Nd6 45. Ba6 Ke5 46. Ke3 Nf5+ 47. Kd3 Nh4 48. g3 Nf5 49. g4 1-0


[Site "https://www.chess.com"]

[Event "Titled Tuesday Blitz November 29 Late 2022"]
[White "Toniutti, Ezio"]
[Black "Jimenez, Joaquin"]
[WhiteFideId "113034"]
[BlackFideId "109860"]
[WhiteElo "2215"]
[BlackElo "2163"]
[Result "1-0"]
[Round "11"]
[TimeControl "180+1"]
[Date "2022.11.30"]
[WhiteClock "0:00:22"]
[BlackClock "0:00:15"]

1. d4 Nf6 2. c4 g6 3. Nc3 Bg7 4. e4 d6 5. f4 O-O 6. Nf3 c5 7. d5 e6 8. Be2 exd5 9. cxd5 Re8 10. e5 dxe5 11. fxe5 Ng4 12. e6 fxe6 13. Bg5 Bf6 14. Bxf6 Qxf6 15. Qd2 e5 16. Ne4 Qd8 17. O-O Bf5 18. Nfg5 Nf6 19. Nxf6+ Qxf6 20. g4 h6 21. Ne6 Na6 22. Qxh6 Qh8 23. Qxh8+ Kxh8 24. gxf5 gxf5 25. Rxf5 Nb4 26. Bf3 Nd3 27. Kh1 Nf2+ 28. Kg2 Nd3 29. Rh5+ Kg8 30. Be4 Nf4+ 31. Nxf4 exf4 32. Kf3 Kg7 33. Rg1+ Kf6 34. Rg6+ Kf7 35. Rh7+ Kf8 36. d6 Re5 37. Rh8+ 1-0


[Site "https://www.chess.com"]

[Event "Titled Tuesday Blitz November 29 Late 2022"]
[White "Urazayev, Arystanbek"]
[Black "Vlassov, Nikolai"]
[WhiteFideId "13709810"]
[BlackFideId "4103360"]
[WhiteElo "2441"]
[BlackElo "2324"]
[Result "0-1"]
[Round "11"]
[TimeControl "180+1"]
[Date "2022.11.30"]
[WhiteClock "0:01:00"]
[BlackClock "0:00:24"]

1. c4 e5 2. Nc3 Nf6 3. Nf3 Nc6 4. e3 Bb4 5. Qc2 O-O 6. Nd5 Bd6 7. Bd3 g6 8. a3 Nxd5 9. cxd5 Ne7 10. Bc4 c6 11. dxc6 dxc6 12. h4 Bf5 13. e4 Bg4 14. h5 Bxf3 15. gxf3 Kg7 16. d3 Rh8 17. Bg5 h6 18. Bxe7 Qxe7 19. hxg6 fxg6 20. O-O-O Raf8 21. Rh3 Rf4 22. Rg1 Rhf8 23. Qe2 b5 24. Bb3 Bxa3 25. bxa3 Qxa3+ 26. Qb2 Qxb2+ 27. Kxb2 Rxf3 28. Rxf3 Rxf3 29. Ra1 h5 30. Rxa7+ Kh6 31. Kc3 c5 32. Bg8 c4 33. Re7 Rxd3+ 34. Kb4 Rb3+ 35. Kc5 Rb2 36. Kd5 c3 37. Kxe5 Rxf2 38. Rb7 c2 39. Rc7 h4 40. Be6 b4 41. Kd4 h3 42. Ke3 h2 43. Bg8 Kg5 44. Rc5+ Kh4 45. Rc7 Kg3 46. Rc6 g5 47. Rc5 g4 0-1


[Site "https://www.chess.com"]

[Event "Titled Tuesday Blitz November 29 Late 2022"]
[White "Vargas, Mauricio"]
[Black "Torres Dominguez, David"]
[WhiteFideId "4404572"]
[BlackFideId "2220857"]
[WhiteElo "2025"]
[BlackElo "2037"]
[Result "0-1"]
[Round "11"]
[TimeControl "180+1"]
[Date "2022.11.30"]
[WhiteClock "0:00:01"]
[BlackClock "0:01:18"]

1. e4 Nc6 2. f4 d5 3. Nc3 d4 4. Nce2 e5 5. Nf3 Bg4 6. Neg1 exf4 7. h3 Bh5 8. d3 g5 9. h4 g4 10. Ng5 h6 11. Bxf4 hxg5 12. Bxg5 Be7 13. Bf4 Bd6 14. g3 Bxf4 15. gxf4 Qf6 16. Qd2 Nge7 17. e5 Qe6 18. Bg2 O-O-O 19. O-O-O Qxa2 20. c4 dxc3 0-1


[Site "https://www.chess.com"]

[Event "Titled Tuesday Blitz November 29 Late 2022"]
[White "Vargas Pereda, Jesus Manue"]
[Black "Winkels, Marcel"]
[WhiteFideId "5115710"]
[BlackFideId "1003887"]
[WhiteElo "1950"]
[BlackElo "1900"]
[Result "0-1"]
[Round "11"]
[TimeControl "180+1"]
[Date "2022.11.30"]
[WhiteClock "0:00:29"]
[BlackClock "0:00:34"]

1. Nf3 Nf6 2. d4 g6 3. g3 Bg7 4. Bg2 d5 5. O-O O-O 6. c4 dxc4 7. a4 Nc6 8. Na3 Bf5 9. Nxc4 Nb4 10. Ne3 Be4 11. b3 Nfd5 12. Nxd5 Nxd5 13. Bb2 c5 14. Rc1 Rc8 15. Qd2 Nb4 16. dxc5 Qxd2 17. Nxd2 Bxg2 18. Bxg7 Bxf1 19. Bxf8 Bxe2 20. Bxe7 Nd3 21. Rc3 f5 22. Nf1 Kf7 23. Bd6 Nb4 24. Re3 Bxf1 25. Re7+ Kf6 26. Kxf1 Nd3 27. Rxb7 Nxc5 28. Rxa7 Nxb3 29. a5 Rc6 30. Be7+ Ke6 31. f4 Nd4 32. a6 Nb5 33. Ra8 Kxe7 34. a7 Rc7 35. Rh8 Rxa7 36. Rxh7+ Kf6 37. Rh8 Ra2 38. h3 Nd4 39. g4 Ne6 40. gxf5 Kxf5 41. h4 Nxf4 42. Rf8+ Kg4 43. Rh8 Rh2 44. Kg1 Rxh4 45. Rb8 g5 46. Kf2 Rh2+ 47. Kg1 Rd2 48. Rg8 Kf3 49. Rxg5 Nh3+ 50. Kh1 Nxg5 51. Kg1 Nh3+ 52. Kh1 Nf4 53. Kg1 Kg3 54. Kf1 Rd1# 0-1


[Site "https://www.chess.com"]

[Event "Titled Tuesday Blitz November 29 Late 2022"]
[White "Yurovskykh, Oleksandr"]
[Black "Tirelli, Mauro"]
[WhiteFideId "14134020"]
[BlackFideId "845353"]
[WhiteElo "2265"]
[BlackElo "2166"]
[Result "1/2-1/2"]
[Round "11"]
[TimeControl "180+1"]
[Date "2022.11.30"]
[WhiteClock "0:00:05"]
[BlackClock "0:00:04"]

1. d4 Nf6 2. Nf3 e6 3. Bf4 b6 4. e3 Bb7 5. Bd3 Be7 6. h3 O-O 7. O-O c5 8. c3 d6 9. Nbd2 Nbd7 10. Qe2 Re8 11. a4 a6 12. e4 Bf8 13. Rfd1 cxd4 14. cxd4 e5 15. dxe5 Nxe5 16. Nxe5 dxe5 17. Be3 Nd7 18. Bc4 Nc5 19. f3 Qf6 20. Qf2 Rac8 21. b4 Nxa4 22. Rxa4 b5 23. Bxb5 axb5 24. Ra5 Rc2 25. Rxb5 Bc8 26. Rb6 Qd8 27. Qe1 Be6 28. Rc1 Ra2 29. Nf1 Qd3 30. Rbc6 Bxb4 31. Qxb4 Qe2 32. Bd2 h5 33. R6c2 Raa8 34. Qc3 Red8 35. Qe3 Qb5 36. Rc7 Rd3 37. Qf2 Ra2 38. R7c2 Ra7 39. Qe1 Rad7 40. Be3 g6 41. Qh4 Kg7 42. Qg5 Rd8 43. Qh6+ Kg8 44. Bg5 Qb6+ 45. Kh1 Bxh3 46. gxh3 Rxf3 47. Rg2 Rxh3+ 48. Rh2 Rxh2+ 49. Kxh2 Qf2+ 50. Kh1 Qf3+ 51. Kg1 Qg4+ 52. Kh1 Qf3+ 53. Kg1 Qg4+ 54. Kh1 Qf3+ 1/2-1/2


[Site "https://www.chess.com"]

[Event "Titled Tuesday Blitz November 29 Late 2022"]
[White "Zeman, Matyas"]
[Black "Schuster, Karsten"]
[WhiteFideId "364398"]
[BlackFideId "4611071"]
[WhiteElo "2254"]
[BlackElo "2294"]
[Result "1-0"]
[Round "11"]
[TimeControl "180+1"]
[Date "2022.11.30"]
[WhiteClock "0:00:14"]
[BlackClock "0:00:42"]

1. e4 c6 2. d4 d5 3. e5 Bf5 4. Nf3 e6 5. Be2 c5 6. c4 dxc4 7. O-O Nc6 8. Be3 cxd4 9. Nxd4 Nxd4 10. Bxd4 Ne7 11. Qa4+ Nc6 12. Rd1 Qa5 13. Qxc4 Be7 14. Bf3 Rc8 15. Bc3 Qc7 16. Qf4 O-O 17. g4 Bg6 18. h4 f6 19. Bxc6 Qxc6 20. h5 Bxb1 21. Raxb1 fxe5 22. Qxe5 Bf6 23. Qe3 Bxc3 24. bxc3 Rf3 25. Qe5 Rxc3 26. Rd6 Rc1+ 27. Rxc1 Qxc1+ 28. Kg2 Rf8 29. Qxe6+ Kh8 30. Qe5 Qc2 31. Qd4 b6 32. h6 Qg6 33. Rxg6 1-0


[Site "https://www.chess.com"]

[Event "Titled Tuesday Blitz November 29 Late 2022"]
[White "Zhigalko, Sergei"]
[Black "Pakleza, Zbigniew"]
[WhiteFideId "13502956"]
[BlackFideId "1119290"]
[WhiteElo "2662"]
[BlackElo "2411"]
[Result "0-1"]
[Round "11"]
[TimeControl "180+1"]
[Date "2022.11.30"]
[WhiteClock "0:00:01"]
[BlackClock "0:00:17"]

1. e4 d6 2. d4 Nf6 3. Nc3 c6 4. Nf3 Bg4 5. Be2 e6 6. O-O d5 7. Ne5 Bxe2 8. Qxe2 Bb4 9. exd5 Nxd5 10. Nxd5 Qxd5 11. Rd1 O-O 12. c4 Qd8 13. Rd3 Nd7 14. Rg3 Nxe5 15. Qxe5 f6 16. Qxe6+ Rf7 17. Be3 Qd7 18. Qxd7 Rxd7 19. Kf1 Kf7 20. Ke2 Re8 21. Rd1 g6 22. Rf3 Bf8 23. g4 b5 24. cxb5 cxb5 25. Rc1 Rxd4 26. Rc7+ Kg8 27. Rxa7 Rxg4 28. Rxf6 Rh4 29. Kf3 Rxh2 30. Rb6 b4 31. Rbb7 Rh5 32. Ke2 Rh4 33. Kf1 Rc4 34. a4 h5 35. a5 Rc2 0-1